[Event "Netanya Open 2019"]
[Site "Netanya"]
[Date "2019.06.28"]
[Round "6.12"]
[White "Sivan, Yaacov"]
[Black "Baron, Tal"]
[Result "0-1"]
[ECO "B07"]
[WhiteElo "2320"]
[BlackElo "2524"]
[Annotator "ChessBase"]
[PlyCount "88"]
[EventDate "2019.06.23"]
[EventType "swiss"]
[EventCountry "ISR"]
[SourceTitle "playchess.com"]
[Source "ChessBase"]
[SourceQuality "1"]
[TimeControl "40/5400+30:1800+30"]

1. e4 d6 2. d4 Nf6 3. Nc3 g6 4. Bg5 Bg7 5. f3 c6 6. Qd2 b5 7. O-O-O Qa5 8. Kb1 Nbd7 9. Nce2 Qxd2 10. Bxd2 Bb7 11. Nc1 O-O-O 12. Nb3 e5 13. Ba5 Nb6 14. dxe5 dxe5 15. Bd3 Ne8 16. Ne2 Bf8 17. Nec1 Nc7 18. Be2 Bd6 19. Nd3 Nc4 20. Bb4 Ne3 21. Bxd6 Rxd6 22. Rdg1 Re8 23. Ndc5 Kb8 24. Bd3 Bc8 25. g4 Ne6 26. Nxe6 Bxe6 27. Nc5 Kc7 28. b3 Bc8 29. Rg3 a5 30. a3 Kb6 31. b4 Red8 32. Kb2 Rd4 33. Nb3 axb4 34. Nxd4 bxa3+ 35. Kxa3 exd4 36. g5 c5 37. Kb2 c4 38. Be2 c3+ 39. Kb1 Be6 40. f4 Ra8 41. Rxe3 dxe3 42. Re1 Ba2+ 43. Kc1 Ra4 44. Bd3 e2 0-1

[Event "Netanya Open 2019"]
[Site "Netanya"]
[Date "2019.06.28"]
[Round "6.13"]
[White "Dvoirys, Semen I."]
[Black "Globus, Or"]
[Result "1-0"]
[ECO "B19"]
[WhiteElo "2502"]
[BlackElo "2352"]
[Annotator "ChessBase"]
[PlyCount "51"]
[EventDate "2019.06.23"]
[EventType "swiss"]
[EventCountry "ISR"]
[SourceTitle "playchess.com"]
[Source "ChessBase"]
[SourceQuality "1"]
[TimeControl "40/5400+30:1800+30"]

1. e4 c6 2. d4 d5 3. Nd2 dxe4 4. Nxe4 Bf5 5. Ng3 Bg6 6. h4 h6 7. Nf3 Nd7 8. h5 Bh7 9. Bd3 Bxd3 10. Qxd3 e6 11. Bd2 Ngf6 12. O-O-O Be7 13. Qe2 Qb6 14. Ne5 Rd8 15. Rhe1 c5 16. Nf5 cxd4 17. Ng6 fxg6 18. Nxg7+ Kf7 19. Nxe6 gxh5 20. Qc4 Rdg8 21. Nxd4+ Kf8 22. Rxe7 Kxe7 23. Re1+ Kd8 24. Ne6+ Ke8 25. Nc5+ Kd8 26. Ba5 1-0

[Event "Netanya Open 2019"]
[Site "Netanya"]
[Date "2019.06.28"]
[Round "6.14"]
[White "Poleg, Dan"]
[Black "Zoler, Dan"]
[Result "0-1"]
[ECO "E12"]
[WhiteElo "2271"]
[BlackElo "2499"]
[Annotator "ChessBase"]
[PlyCount "58"]
[EventDate "2019.06.23"]
[EventType "swiss"]
[EventCountry "ISR"]
[SourceTitle "playchess.com"]
[Source "ChessBase"]
[SourceQuality "1"]
[TimeControl "40/5400+30:1800+30"]

1. d4 Nf6 2. c4 e6 3. Nf3 b6 4. a3 Bb7 5. Nc3 g6 6. Bg5 Bg7 7. e3 h6 8. Bh4 d6 9. Be2 Nbd7 10. d5 exd5 11. cxd5 O-O 12. O-O Re8 13. Rc1 a6 14. b4 b5 15. Nd4 Nb6 16. Bf3 Qd7 17. e4 Nc4 18. a4 Nb2 19. Qc2 Nxa4 20. Nxa4 bxa4 21. Rfd1 g5 22. Bg3 g4 23. Be2 Nxe4 24. Qxc7 Qxc7 25. Rxc7 Nxg3 26. hxg3 Bxd4 27. Rxd4 Rxe2 28. Rxg4+ Kh8 29. Rxb7 a3 0-1

[Event "Netanya Open 2019"]
[Site "Netanya"]
[Date "2019.06.28"]
[Round "6.15"]
[White "Bar, Roman"]
[Black "Friedland, Moshe"]
[Result "1-0"]
[ECO "B23"]
[WhiteElo "2497"]
[BlackElo "2298"]
[Annotator "ChessBase"]
[PlyCount "153"]
[EventDate "2019.06.23"]
[EventType "swiss"]
[EventCountry "ISR"]
[SourceTitle "playchess.com"]
[Source "ChessBase"]
[SourceQuality "1"]
[TimeControl "40/5400+30:1800+30"]

1. e4 c5 2. Nc3 a6 3. Nge2 d6 4. g3 Nf6 5. Bg2 e5 6. O-O Be7 7. d3 O-O 8. h3 Nc6 9. a4 Bd7 10. g4 Nd4 11. Ng3 Ne8 12. f4 exf4 13. Bxf4 Nc7 14. Nd5 Nxd5 15. exd5 Qb6 16. c3 Nb3 17. Ra3 c4+ 18. d4 Qd8 19. Qe2 Rc8 20. Be4 Re8 21. Qf3 Kh8 22. Bc2 b6 23. Qe4 g6 24. Qf3 Ra8 25. Ne4 f5 26. Nxd6 Bxd6 27. Bxd6 Nd2 28. Qf4 Nxf1 29. Be5+ Kg8 30. gxf5 Bxf5 31. Bxf5 Rxe5 32. Qxe5 gxf5 33. Kxf1 Qh4 34. Kg2 f4 35. Qe6+ Kg7 36. Qg4+ Qxg4+ 37. hxg4 Kf6 38. Kf3 Kg5 39. Ra1 Re8 40. Rh1 Re3+ 41. Kf2 Kxg4 42. Rxh7 Rf3+ 43. Kg2 Rg3+ 44. Kf2 Rf3+ 45. Ke2 Re3+ 46. Kd2 Rd3+ 47. Kc2 Re3 48. d6 Re6 49. d7 Rd6 50. Kd2 Kf3 51. Rf7 b5 52. a5 Kg3 53. Ke2 Re6+ 54. Kf1 Rd6 55. Rg7+ Kf3 56. Re7 Rd5 57. Ke1 Rd6 58. Rf7 Re6+ 59. Kd2 Rd6 60. Rf6 Rxd7 61. Rxa6 Rh7 62. Rb6 Rh2+ 63. Kc1 Rh1+ 64. Kc2 Rh2+ 65. Kb1 Rh1+ 66. Ka2 Ke2 67. a6 Rh7 68. Re6+ Kd2 69. Rf6 Ke3 70. Ka3 f3 71. Kb4 Rh2 72. a7 Rxb2+ 73. Ka3 Rb3+ 74. Ka2 Kd2 75. a8=Q Kc1 76. Qa3+ Kc2 77. Rxf3 1-0

[Event "Netanya Open 2019"]
[Site "Netanya"]
[Date "2019.06.28"]
[Round "6.16"]
[White "Cohen Revivo, Shoham"]
[Black "Flom, Gabriel"]
[Result "0-1"]
[ECO "B84"]
[WhiteElo "2240"]
[BlackElo "2480"]
[Annotator "ChessBase"]
[PlyCount "104"]
[EventDate "2019.06.23"]
[EventType "swiss"]
[EventCountry "ISR"]
[SourceTitle "playchess.com"]
[Source "ChessBase"]
[SourceQuality "1"]
[TimeControl "40/5400+30:1800+30"]

1. e4 c5 2. Nf3 b6 3. d4 cxd4 4. Nxd4 Bb7 5. Nc3 e6 6. Be3 a6 7. Be2 Qc7 8. O-O Nf6 9. f3 Be7 10. Qd2 d6 11. a4 O-O 12. Rad1 Nbd7 13. g4 h6 14. Bf2 d5 15. exd5 Nxd5 16. Nxd5 Bxd5 17. c4 Bg5 18. Be3 Bxe3+ 19. Qxe3 Bb7 20. b3 Rad8 21. Rd2 Ne5 22. Rfd1 Ng6 23. Bd3 Nh4 24. Be4 Bxe4 25. Qxe4 Qc5 26. Kf1 Rd6 27. Nc2 f5 28. gxf5 Rxd2 29. Rxd2 Nxf3 30. Qxe6+ Kh8 31. Rf2 Nxh2+ 32. Kg2 Ng4 33. Rf4 Nf6 34. Rh4 Kh7 35. Nd4 Qa3 36. Nf3 Qxb3 37. Qe7 Qc2+ 38. Kg1 Qxf5 39. Qxf8 Qxf3 40. Rh2 Qd1+ 41. Kg2 Qc2+ 42. Kg1 Qb1+ 43. Kg2 Ng4 44. Rh3 Qc2+ 45. Kg3 Nf6 46. Rh4 Qxa4 47. Rd4 Qb3+ 48. Kf4 a5 49. Qc8 g5+ 50. Ke5 Qe3+ 51. Kxf6 Qxd4+ 52. Kf7 Qg7+ 0-1

[Event "Netanya Open 2019"]
[Site "Netanya"]
[Date "2019.06.28"]
[Round "6.17"]
[White "Erenberg, Ariel"]
[Black "Alexikov, Alexander"]
[Result "1-0"]
[ECO "E60"]
[WhiteElo "2434"]
[BlackElo "2234"]
[Annotator "NA"]
[PlyCount "125"]
[EventDate "2019.06.23"]
[EventType "swiss"]
[EventCountry "ISR"]
[SourceTitle "playchess.com"]
[Source "ChessBase"]
[SourceQuality "1"]
[TimeControl "40/5400+30:1800+30"]

1. d4 g6 2. c4 Nf6 3. g3 c5 4. dxc5 Na6 5. a3 Nxc5 6. b4 Ne6 7. Bb2 Bg7 8. Bg2 d6 9. Nc3 O-O 10. Qd2 Re8 11. Nf3 Bd7 12. O-O Rc8 13. Qd3 Qc7 14. Nd2 Bc6 15. e4 Qb8 16. Nb3 b6 17. Rfb1 Nf8 18. Nd5 N8d7 19. Nd4 Bb7 20. f4 a6 21. Re1 e5 22. Nb3 exf4 23. Nxf6+ Nxf6 24. gxf4 Qa8 25. Nd2 Re7 26. Re3 Rce8 27. Bxf6 Bxf6 28. Rae1 Kg7 29. Kh1 Bh4 30. R1e2 Re6 31. Rh3 Bf6 32. Qe3 Kg8 33. f5 Re5 34. Qh6 Rxf5 35. Qxh7+ Kf8 36. Qh6+ Bg7 37. Qe3 Rf6 38. Qxb6 Kg8 39. Qe3 Rfe6 40. a4 d5 41. c5 dxe4 42. Nc4 Qb8 43. b5 axb5 44. axb5 Bd5 45. Nb6 Rxb6 46. cxb6 Qe5 47. Re1 f5 48. Qg3 Qe6 49. Rd1 Re7 50. Qb8+ Kf7 51. Ra3 Be5 52. Qd8 Bb7 53. Ra7 Kg7 54. Rc1 Rd7 55. Rxb7 Rxb7 56. Rc8 Qd7 57. Qh8+ Kf7 58. Qf8+ Ke6 59. Re8+ Kd5 60. Rd8 Qxd8 61. Qxd8+ Kc5 62. Qc8+ Kxb6 63. Qc6+ 1-0

[Event "Netanya Open 2019"]
[Site "Netanya"]
[Date "2019.06.28"]
[Round "6.18"]
[White "Greenfeld, Alon"]
[Black "Aizenberg, Benny"]
[Result "1-0"]
[ECO "A39"]
[WhiteElo "2513"]
[BlackElo "2156"]
[Annotator "ChessBase"]
[PlyCount "65"]
[EventDate "2019.06.23"]
[EventType "swiss"]
[EventCountry "ISR"]
[SourceTitle "playchess.com"]
[Source "ChessBase"]
[SourceQuality "1"]
[TimeControl "40/5400+30:1800+30"]

1. d4 Nf6 2. Nf3 g6 3. g3 Bg7 4. Bg2 c5 5. O-O cxd4 6. Nxd4 O-O 7. c4 Nc6 8. Nc3 Nxd4 9. Qxd4 d6 10. Qd3 Rb8 11. Bf4 b6 12. Rac1 Bb7 13. e4 a6 14. Rfd1 Nd7 15. Qd2 b5 16. cxb5 axb5 17. Nxb5 Bxe4 18. Bxe4 Rxb5 19. b4 Qb8 20. Bc6 Ne5 21. Bxe5 Rxe5 22. a4 Qc8 23. b5 Qg4 24. a5 Qh5 25. Qd3 f5 26. Bf3 Qh6 27. b6 Rxa5 28. b7 d5 29. Bxd5+ Kh8 30. Rc8 Be5 31. Qe3 Qxe3 32. Rxf8+ Kg7 33. Rf7+ 1-0

[Event "Netanya Open 2019"]
[Site "Netanya"]
[Date "2019.06.28"]
[Round "6.19"]
[White "Prraneeth Vuppala"]
[Black "Zanan, Evgeny"]
[Result "0-1"]
[ECO "A62"]
[WhiteElo "2264"]
[BlackElo "2505"]
[Annotator "ChessBase"]
[PlyCount "104"]
[EventDate "2019.06.23"]
[EventType "swiss"]
[EventCountry "ISR"]
[SourceTitle "playchess.com"]
[Source "ChessBase"]
[SourceQuality "1"]
[TimeControl "40/5400+30:1800+30"]

1. d4 Nf6 2. c4 e6 3. g3 c5 4. d5 exd5 5. cxd5 d6 6. Nc3 g6 7. Bg2 Bg7 8. Nf3 O-O 9. O-O Re8 10. Bf4 Bf5 11. Nh4 Bg4 12. h3 Nh5 13. hxg4 Nxf4 14. gxf4 Qxh4 15. e3 Bxc3 16. bxc3 Nd7 17. Bf3 Qf6 18. c4 g5 19. f5 Ne5 20. Be2 Kg7 21. Qc2 Nd7 22. Rab1 b6 23. Kg2 Qe5 24. Rh1 Nf6 25. Rh3 h6 26. Qb2 Qe4+ 27. Bf3 Qxc4 28. Rxh6 Re5 29. Rbh1 Rg8 30. e4 Qd4 31. Qc1 Nxe4 32. Bxe4 Qxe4+ 33. f3 Qf4 34. Qxf4 gxf4 35. Rxd6 Re2+ 36. Kg1 Rxa2 37. Rh2 Ra1+ 38. Kg2 Re8 39. g5 Ra2+ 40. Kh3 Rh8+ 41. Rh6 Rxh2+ 42. Kxh2 Rd8 43. d6 c4 44. Kh3 c3 45. f6+ Kg8 46. g6 fxg6 47. Rxg6+ Kf7 48. Rg7+ Kxf6 49. Rc7 Ke5 50. d7 c2 51. Kg4 Rxd7 52. Rxc2 Rg7+ 0-1

[Event "Netanya Open 2019"]
[Site "Netanya"]
[Date "2019.06.28"]
[Round "6.20"]
[White "Aroesti, Roee"]
[Black "Grinberg, Eyal"]
[Result "0-1"]
[ECO "B51"]
[WhiteElo "2233"]
[BlackElo "2474"]
[Annotator "ChessBase"]
[PlyCount "80"]
[EventDate "2019.06.23"]
[EventType "swiss"]
[EventCountry "ISR"]
[SourceTitle "playchess.com"]
[Source "ChessBase"]
[SourceQuality "1"]
[TimeControl "40/5400+30:1800+30"]

1. e4 c5 2. Nf3 d6 3. Bb5+ Nd7 4. O-O a6 5. Bd3 Ngf6 6. c3 e6 7. Bc2 b5 8. d4 Bb7 9. Qe2 Be7 10. h3 O-O 11. Bf4 Qc7 12. Rc1 e5 13. Bg5 h6 14. Bd2 exd4 15. cxd4 Rfe8 16. Bf4 Qb6 17. Nbd2 Bf8 18. dxc5 Nxc5 19. Be3 Qd8 20. Bxc5 dxc5 21. e5 Nd7 22. Re1 c4 23. b3 Bb4 24. bxc4 Bxf3 25. Nxf3 Bxe1 26. Rxe1 bxc4 27. Qxc4 Rc8 28. Qe4 Nf8 29. Rd1 Qc7 30. Bd3 Qc6 31. Qe2 Red8 32. Re1 a5 33. Be4 Qc3 34. Qb5 Rb8 35. Qf1 Rb2 36. Rc1 Qa3 37. Bb1 Ne6 38. Qc4 Rdb8 39. Qe4 g6 40. Re1 Nc5 0-1

[Event "Netanya Open 2019"]
[Site "Netanya"]
[Date "2019.06.28"]
[Round "6.21"]
[White "Bilych, Olexiy"]
[Black "Mindlin, Alon"]
[Result "1-0"]
[ECO "C77"]
[WhiteElo "2203"]
[BlackElo "2454"]
[Annotator "ChessBase"]
[PlyCount "85"]
[EventDate "2019.06.23"]
[EventType "swiss"]
[EventCountry "ISR"]
[SourceTitle "playchess.com"]
[Source "ChessBase"]
[SourceQuality "1"]
[TimeControl "40/5400+30:1800+30"]

1. e4 e5 2. Nf3 Nc6 3. Bb5 a6 4. Ba4 Nf6 5. d3 b5 6. Bb3 Be7 7. O-O d6 8. a3 O-O 9. Nc3 Na5 10. Ba2 Be6 11. b4 Bxa2 12. Rxa2 Nc6 13. Bg5 Nd7 14. Bd2 Bf6 15. Nd5 Ne7 16. c4 c6 17. Nxf6+ Nxf6 18. Re1 Ng6 19. Bc3 Re8 20. Qa1 Nf4 21. Rd2 Qd7 22. Re3 Ng4 23. Re1 Re6 24. d4 Rg6 25. Nh4 Rh6 26. Nf5 Rg6 27. f3 Nh6 28. dxe5 Nxf5 29. exf5 Qxf5 30. exd6 Nd3 31. d7 Qxd7 32. c5 Rg5 33. Re3 Rd5 34. Bxg7 Nxb4 35. Bh6 f6 36. Re4 f5 37. Rxd5 Nxd5 38. Re6 f4 39. Qe5 Ne3 40. Qg5+ Kh8 41. Qf6+ Kg8 42. Rd6 Qf7 43. Rd8+ 1-0

[Event "Netanya Open 2019"]
[Site "Netanya"]
[Date "2019.06.28"]
[Round "6.22"]
[White "Abergel, Thal"]
[Black "Tzidkiya, Yeshaayahu"]
[Result "1-0"]
[ECO "A15"]
[WhiteElo "2450"]
[BlackElo "2265"]
[Annotator "ChessBase"]
[PlyCount "111"]
[EventDate "2019.06.23"]
[EventType "swiss"]
[EventCountry "ISR"]
[SourceTitle "playchess.com"]
[Source "ChessBase"]
[SourceQuality "1"]
[TimeControl "40/5400+30:1800+30"]

1. Nf3 Nf6 2. c4 g6 3. b3 Bg7 4. Bb2 O-O 5. g3 d6 6. Bg2 e5 7. O-O c6 8. Nc3 Re8 9. Qc2 Nbd7 10. d4 a5 11. Rad1 exd4 12. Nxd4 Nc5 13. h3 Qb6 14. e3 h5 15. Ba3 h4 16. g4 Qc7 17. Ndb5 cxb5 18. Nxb5 Qe7 19. Nxd6 Nce4 20. Nxe8 Qxe8 21. Rd4 Ng5 22. Rfd1 Bd7 23. Qd3 Bc6 24. Rd8 Rxd8 25. Qxd8 Nf3+ 26. Kh1 Qxd8 27. Rxd8+ Kh7 28. Rc8 Ne5 29. Bxc6 Nxc6 30. Rc7 Kg8 31. Rxb7 Ne4 32. Kg2 Ne5 33. Re7 Nc3 34. Re8+ Kh7 35. Bb2 Nd3 36. Bxc3 Bxc3 37. Rd8 Nc5 38. Rb8 Bb4 39. Rb5 Kg7 40. a3 Bxa3 41. Rxa5 Bb4 42. Rb5 Ba3 43. f4 Kf6 44. Kf3 Ke6 45. g5 Nd3 46. Ke2 Nc5 47. b4 Nd7 48. Kd3 Kd6 49. Kc3 Kc6 50. Rd5 Bc1 51. Rd3 Nb6 52. Kc2 Bxe3 53. Rxe3 Nxc4 54. Re8 Nd6 55. Rh8 Kd5 56. Rd8 1-0

[Event "Netanya Open 2019"]
[Site "Netanya"]
[Date "2019.06.28"]
[Round "6.23"]
[White "Krayz, Alexander"]
[Black "Lukin, Elisha"]
[Result "1-0"]
[ECO "C01"]
[WhiteElo "2377"]
[BlackElo "2196"]
[Annotator "NA"]
[PlyCount "105"]
[EventDate "2019.06.23"]
[EventType "swiss"]
[EventCountry "ISR"]
[SourceTitle "playchess.com"]
[Source "ChessBase"]
[SourceQuality "1"]
[TimeControl "40/5400+30:1800+30"]

1. e4 e6 2. d4 d5 3. Nc3 Bb4 4. exd5 exd5 5. Bd3 Nf6 6. h3 Nbd7 7. Qf3 Nf8 8. Bg5 Be7 9. Bxf6 Bxf6 10. Nxd5 Bxd4 11. O-O-O Ne6 12. Ne2 Bc5 13. Ng3 c6 14. Nc3 Qg5+ 15. Kb1 Nd4 16. Rhe1+ Be6 17. Qh5 Qxh5 18. Nxh5 O-O 19. Nf4 Bc8 20. Na4 Bd6 21. Bxh7+ Kxh7 22. Rxd4 Bc7 23. g4 b6 24. b4 a5 25. Re7 Rd8 26. Ne2 Bd6 27. Re3 c5 28. Rd1 axb4 29. Nxb6 Ra6 30. Nxc8 Rxc8 31. c4 Rca8 32. Rd2 g5 33. Rf3 Kg6 34. Rf5 f6 35. Rfd5 Re8 36. Nc1 Bf4 37. Re2 Rxe2 38. Nxe2 Re6 39. Nxf4+ gxf4 40. Rxc5 Re1+ 41. Kb2 f3 42. Rf5 Re2+ 43. Kb3 Rxf2 44. Kxb4 Rf1 45. Kc5 f2 46. a4 Kf7 47. g5 Ke6 48. Rxf6+ Ke5 49. a5 Ke4 50. a6 Ke3 51. g6 Rg1 52. a7 Rg5+ 53. Kb4 1-0

[Event "Netanya Open 2019"]
[Site "Netanya"]
[Date "2019.06.28"]
[Round "6.24"]
[White "Iliaguev, Nisim"]
[Black "Musyuk, Lior"]
[Result "1/2-1/2"]
[ECO "A29"]
[WhiteElo "2357"]
[BlackElo "2190"]
[Annotator "NA"]
[PlyCount "44"]
[EventDate "2019.06.23"]
[EventType "swiss"]
[EventCountry "ISR"]
[SourceTitle "playchess.com"]
[Source "ChessBase"]
[SourceQuality "1"]
[TimeControl "40/5400+30:1800+30"]

1. c4 e5 2. g3 Nf6 3. Bg2 d5 4. cxd5 Nxd5 5. Nc3 Nb6 6. Nf3 Nc6 7. O-O Be7 8. d3 O-O 9. a3 a5 10. Bd2 Be6 11. Rc1 f5 12. h4 a4 13. Bg5 h6 14. Bxe7 Qxe7 15. Nd2 Rfd8 16. Qe1 Nd5 17. Nc4 Qf7 18. Nxd5 Bxd5 19. Bxd5 Qxd5 20. Qc3 Nd4 21. Rfe1 f4 22. Nd2 c6 1/2-1/2

[Event "Netanya Open 2019"]
[Site "Netanya"]
[Date "2019.06.28"]
[Round "6.25"]
[White "Parkhov, Yair"]
[Black "Lahav, Michal"]
[Result "1/2-1/2"]
[ECO "A34"]
[WhiteElo "2354"]
[BlackElo "2178"]
[Annotator "NA"]
[PlyCount "57"]
[EventDate "2019.06.23"]
[EventType "swiss"]
[EventCountry "ISR"]
[SourceTitle "playchess.com"]
[Source "ChessBase"]
[SourceQuality "1"]
[TimeControl "40/5400+30:1800+30"]

1. Nf3 Nf6 2. c4 c5 3. Nc3 d5 4. cxd5 Nxd5 5. e3 Nc7 6. d4 cxd4 7. exd4 g6 8. Bc4 Bg7 9. O-O O-O 10. Qe2 Nc6 11. Rd1 Na5 12. Bd3 Be6 13. Bg5 Re8 14. Rac1 Nd5 15. Bb5 Nc6 16. Ne5 Rc8 17. Na4 h6 18. Bxc6 bxc6 19. Bd2 Nb6 20. Nxb6 axb6 21. Nxg6 Qxd4 22. Nf4 Bxa2 23. Nh5 Qe5 24. Qg4 Be6 25. Qh4 Qxb2 26. Nxg7 Qxg7 27. Rc3 Kh7 28. Rg3 Qf6 29. Qe4+ 1/2-1/2

[Event "Netanya Open 2019"]
[Site "Netanya"]
[Date "2019.06.28"]
[Round "6.26"]
[White "Levi, Netanel"]
[Black "Goikhman, Valentin"]
[Result "0-1"]
[ECO "B52"]
[WhiteElo "2143"]
[BlackElo "2320"]
[Annotator "NA"]
[PlyCount "118"]
[EventDate "2019.06.23"]
[EventType "swiss"]
[EventCountry "ISR"]
[SourceTitle "playchess.com"]
[Source "ChessBase"]
[SourceQuality "1"]
[TimeControl "40/5400+30:1800+30"]

1. e4 c5 2. Nf3 d6 3. Bb5+ Bd7 4. Bxd7+ Qxd7 5. c4 Nc6 6. d4 cxd4 7. Nxd4 Nf6 8. Nc3 e6 9. b3 Be7 10. Bb2 O-O 11. O-O Rfd8 12. Nxc6 Qxc6 13. Qe2 a6 14. f3 Rac8 15. Rac1 h6 16. Kh1 Bf8 17. f4 Rc7 18. e5 Ne8 19. Ne4 Rcd7 20. Rc3 d5 21. cxd5 Qxd5 22. h3 g6 23. Rg3 Be7 24. Kh2 Kf8 25. Qe3 Qd3 26. Qe1 Qc2 27. Rf2 Rd1 28. Rxc2 Rxe1 29. Nf6 Rf1 30. Rgc3 Nxf6 31. exf6 Bxf6 32. Rd3 Bh4 33. Rxd8+ Bxd8 34. Rc8 Ke7 35. Rb8 Rxf4 36. Rxb7+ Kd6 37. Ra7 a5 38. Bc3 Rf5 39. b4 axb4 40. Bxb4+ Kc6 41. g4 Rf4 42. a3 Bb6 43. Ra8 Kd5 44. Ra6 Bd4 45. Kg3 Ke4 46. Bf8 Rf3+ 47. Kg2 Rf2+ 48. Kg3 Rb2 49. Ra4 Rb3+ 50. Kg2 h5 51. Rb4 Rc3 52. gxh5 gxh5 53. a4 Rc2+ 54. Kg3 f5 55. a5 Ra2 56. Kh4 f4 57. Kxh5 f3 58. Rb1 f2 59. Kg4 Ra1 0-1

[Event "Netanya Open 2019"]
[Site "Netanya"]
[Date "2019.06.28"]
[Round "6.27"]
[White "Rozen, Eytan"]
[Black "Hoffmann, Yair"]
[Result "1-0"]
[ECO "D48"]
[WhiteElo "2317"]
[BlackElo "2140"]
[Annotator "NA"]
[PlyCount "241"]
[EventDate "2019.06.23"]
[EventType "swiss"]
[EventCountry "ISR"]
[SourceTitle "playchess.com"]
[Source "ChessBase"]
[SourceQuality "1"]
[TimeControl "40/5400+30:1800+30"]

1. c4 c6 2. d4 d5 3. Nf3 Nf6 4. Nc3 e6 5. e3 Nbd7 6. Bd3 dxc4 7. Bxc4 b5 8. Bd3 Bb7 9. O-O a6 10. e4 c5 11. e5 Nd5 12. Ng5 Nxc3 13. bxc3 Be7 14. Be4 Bxg5 15. Bxb7 Ra7 16. Bxg5 Qxg5 17. Be4 O-O 18. f4 Qe7 19. a4 cxd4 20. cxd4 bxa4 21. Qxa4 Rd8 22. Rfd1 Nf8 23. Rd3 Qc7 24. Rad1 Ng6 25. g3 Ne7 26. d5 Qc5+ 27. Qd4 Qxd4+ 28. Rxd4 exd5 29. Bxd5 Nxd5 30. Rxd5 Rxd5 31. Rxd5 g6 32. Ra5 Kf8 33. Kf2 Ke7 34. Ke3 Ke6 35. Ke4 f6 36. h4 fxe5 37. fxe5 Ra8 38. g4 h6 39. Kd4 Rd8+ 40. Ke4 Ra8 41. h5 Kf7 42. Rc5 gxh5 43. gxh5 a5 44. Kf5 Ra7 45. Rc6 a4 46. Rxh6 Kf8 47. Rf6+ Kg7 48. Rg6+ Kf8 49. Rf6+ Kg7 50. Rg6+ Kf8 51. h6 a3 52. Rg1 a2 53. Ra1 Rf7+ 54. Kg6 Rf2 55. h7 Rg2+ 56. Kh6 Rh2+ 57. Kg6 Rg2+ 58. Kf6 Rf2+ 59. Kg6 Rg2+ 60. Kf5 Kg7 61. Rh1 Kh8 62. e6 Rf2+ 63. Kg5 Re2 64. Kf5 Rf2+ 65. Ke5 Re2+ 66. Kd6 Rd2+ 67. Ke5 Re2+ 68. Kd6 Rd2+ 69. Kc6 Rc2+ 70. Kd5 Rd2+ 71. Kc5 Rc2+ 72. Kd5 Rd2+ 73. Kc6 Rc2+ 74. Kd7 Rd2+ 75. Kc8 Rc2+ 76. Kd7 Rd2+ 77. Ke8 Rh2 78. Rg1 Rg2 79. Rh1 Rh2 80. Rf1 Rf2 81. Ra1 Re2 82. e7 Rd2 83. Rf1 Rf2 84. Kd7 Rxf1 85. e8=Q+ Kxh7 86. Qe4+ Kh8 87. Qa8+ Kh7 88. Qe4+ Kh8 89. Qh4+ Kg8 90. Qg3+ Kf8 91. Qa3+ Kg7 92. Qb2+ Kf8 93. Qa3+ Kg7 94. Qb2+ Kf8 95. Qxa2 Rd1+ 96. Ke6 Re1+ 97. Kf6 Rf1+ 98. Ke5 Re1+ 99. Kd5 Rd1+ 100. Kc5 Rc1+ 101. Kd6 Rd1+ 102. Kc6 Rc1+ 103. Kb6 Rf1 104. Qe2 Rf6+ 105. Kc5 Kf7 106. Qe4 Kg7 107. Kd5 Ra6 108. Qg4+ Kf7 109. Qc4 Re6 110. Qc7+ Re7 111. Qf4+ Ke8 112. Qf5 Re1 113. Kd6 Rd1+ 114. Ke6 Kd8 115. Qg5+ Kc8 116. Qc5+ Kd8 117. Qa5+ Kc8 118. Qc3+ Kd8 119. Qb3 Rc1 120. Qb8+ Rc8 121. Qd6+ 1-0

[Event "Netanya Open 2019"]
[Site "Netanya"]
[Date "2019.06.28"]
[Round "6.28"]
[White "Aharon, Ofir"]
[Black "Yaniv, Yuval"]
[Result "1-0"]
[ECO "B40"]
[WhiteElo "2302"]
[BlackElo "2120"]
[Annotator "NA"]
[PlyCount "75"]
[EventDate "2019.06.23"]
[EventType "swiss"]
[EventCountry "ISR"]
[SourceTitle "playchess.com"]
[Source "ChessBase"]
[SourceQuality "1"]
[TimeControl "40/5400+30:1800+30"]

1. e4 c5 2. Nf3 e6 3. b3 a6 4. Bb2 Nc6 5. d4 cxd4 6. Nxd4 Bb4+ 7. c3 Be7 8. Bd3 Nf6 9. Nxc6 bxc6 10. e5 Nd5 11. O-O Qc7 12. c4 Nf4 13. Be4 Bb7 14. Nd2 f5 15. exf6 Bxf6 16. Bxf6 gxf6 17. g3 Ng6 18. c5 f5 19. Bg2 Qe5 20. Rc1 Ke7 21. Re1 Qd4 22. Rc4 Qf6 23. Rb4 Ra7 24. Nc4 Bc8 25. Qd6+ Kf7 26. Qb8 Ra8 27. Qxa8 Qc3 28. Rb8 Qxe1+ 29. Bf1 Nh4 30. Rxc8 Nf3+ 31. Kg2 Qd1 32. Ne5+ Nxe5 33. Rxh8 Qd5+ 34. Kh3 Ng6 35. Rxh7+ Kf6 36. Qd8+ Ke5 37. f4+ Kd4 38. Rxd7 1-0

[Event "Netanya Open 2019"]
[Site "Netanya"]
[Date "2019.06.28"]
[Round "6.29"]
[White "Shvayger, Yuliya"]
[Black "Gorshtein, Asaf"]
[Result "1-0"]
[WhiteElo "2373"]
[BlackElo "2109"]
[PlyCount "63"]
[EventDate "2019.06.23"]
[EventType "swiss"]
[EventRounds "9"]
[EventCountry "ISR"]
[TimeControl "40/5400+30:1800+30"]

1. e4 c6 2. d4 d5 3. e5 Bf5 4. Nf3 e6 5. Be2 Ne7 6. O-O Nd7 7. Nbd2 Bg6 8. c4 Nf5 9. cxd5 cxd5 10. Nb3 Be7 11. Bd3 h5 12. g3 a6 13. Bf4 Nf8 14. Rc1 Nh6 15. Nc5 Bxd3 16. Qxd3 Ng6 17. Nxe6 Nxf4 18. Nxf4 Bg5 19. Nxg5 Qxg5 20. Nxd5 O-O 21. f4 Qd8 22. Ne3 Qb6 23. b3 Rfd8 24. Rfd1 Rac8 25. Rc4 Rxc4 26. bxc4 Qb2 27. Rd2 Qc1+ 28. Kg2 h4 29. g4 Rc8 30. g5 h3+ 31. Kxh3 Qh1 32. Rg2 1-0

[Event "Netanya Open 2019"]
[Site "Netanya"]
[Date "2019.06.28"]
[Round "6.30"]
[White "Brenner, Moshe"]
[Black "Gorodetzky, Matan"]
[Result "0-1"]
[WhiteElo "2098"]
[BlackElo "2316"]
[PlyCount "92"]
[EventDate "2019.06.23"]
[EventType "swiss"]
[EventRounds "9"]
[EventCountry "ISR"]
[TimeControl "40/5400+30:1800+30"]

1. d4 d5 2. Nf3 c5 3. e3 Nc6 4. b3 Nf6 5. Bb2 cxd4 6. Nxd4 e6 7. Be2 Bd6 8. Nd2 O-O 9. O-O e5 10. Nb5 a6 11. Nxd6 Qxd6 12. Nf3 Rd8 13. h3 b5 14. a3 Rb8 15. Re1 h6 16. Bf1 Bf5 17. Qe2 d4 18. Rad1 Qc5 19. b4 Qb6 20. exd4 exd4 21. Qd2 Qc7 22. Bd3 Be6 23. Bf1 Bf5 24. Bxd4 Be4 25. Qe3 Bxf3 26. gxf3 Nxd4 27. Rxd4 Qxc2 28. Bd3 Qb2 29. Rxd8+ Rxd8 30. Be4 Re8 31. Qd3 Kh8 32. Re3 Qa1+ 33. Qf1 Qd4 34. Qd3 Qb6 35. Qc2 Qd6 36. Qc5 Qf4 37. Bd3 Rd8 38. Qf5 Qd4 39. Kg2 g6 40. Qc5 Qxc5 41. bxc5 Nd5 42. Be4 Nxe3+ 43. fxe3 a5 44. Kf2 b4 45. axb4 axb4 46. Ke2 b3 0-1

[Event "Netanya Open 2019"]
[Site "Netanya"]
[Date "2019.06.28"]
[Round "6.31"]
[White "Sokolovsky, Yahli"]
[Black "Tifferet, Shaked"]
[Result "0-1"]
[WhiteElo "2054"]
[BlackElo "2236"]
[PlyCount "104"]
[EventDate "2019.06.23"]
[EventType "swiss"]
[EventRounds "9"]
[EventCountry "ISR"]
[TimeControl "40/5400+30:1800+30"]

1. e4 c5 2. Nf3 d6 3. Bb5+ Bd7 4. c4 Nf6 5. Nc3 g6 6. d4 cxd4 7. Nxd4 Bg7 8. f3 Nc6 9. Be3 Rc8 10. Bxc6 bxc6 11. c5 d5 12. e5 Ng8 13. Bf4 Nh6 14. b4 Nf5 15. Nce2 e6 16. Nxf5 exf5 17. h4 Qe7 18. Kf2 O-O 19. Qd2 h5 20. Rae1 a5 21. Nd4 axb4 22. Qxb4 Ra8 23. a4 Rfb8 24. Qa3 Rb7 25. a5 Rba7 26. Bg5 Qe8 27. Nb3 Be6 28. Bd2 Qb8 29. f4 d4 30. Nxd4 Bd5 31. Rb1 Qd8 32. Bc3 Bf8 33. Rbd1 Qc8 34. Rh3 Be7 35. Bb4 Rd7 36. Nf3 Qa6 37. Rc1 Be4 38. Nd2 Rd4 39. Nxe4 Rxe4 40. Rf3 Rb8 41. Be1 Bxh4+ 42. g3 Re2+ 43. Kg1 Rbb2 44. Qd3 Rg2+ 45. Kf1 Rh2 46. Kg1 Rbg2+ 47. Kf1 Qb7 48. Rb1 Qa7 49. gxh4 Qxc5 50. Re3 Ra2 51. Kg1 Rhe2 52. Rb7 Rxe1+ 0-1